 Dungeon Crawl Stone Soup version 0.32-a0-540-g866d13106e (webtiles) character file.

Game seed: 16155440158827323855

185034 jasper the Warrior (level 18, -13/252 HPs)
             Began as an Oni Shapeshifter on Feb 28, 2024.
             Was the Champion of Beogh.
             Killed from afar by a deep elf zephyrmancer (30 damage)
             ... with a bolt of lightning
             ... on level 1 of the Elven Halls.
             The game lasted 00:37:15 (25745 turns).

jasper the Warrior (Oni Shapeshifter)              Turns: 25745, Time: 00:37:15

Health: -13/252    AC: 12    Str: 34    XL:     18   Next: 2%
Magic:  18/29      EV: 17    Int: 11    God:    Beogh [******]
Gold:   3039       SH:  0    Dex:  8    Spells: 17/17 levels left

rFire   . .          .
                       - Unarmed
rCold   . . .        (shield currently unavailable)
rNeg    . . .        L - melded +0 gold dragon scales
rPois   +            (helmet currently unavailable)
rElec   .            (cloak currently unavailable)
rCorr   +            (gloves unavailable)
SInv    .            (boots unavailable)
Will    +....        w - amulet of regeneration
Stlth   +            o - +5 ring of evasion
HPRegen 1.42/turn    I - ring of resist corrosion
MPRegen 0.21/turn

%: no passive effects
@: snake-form
A: constrict, boosted hp, walk on water, large, unfitting armour, (horns 1),
(tough skin 1), double potion healing, drunken brawling
}: 1/15 runes: decaying
a: Begin Untransformation, Renounce Religion, Smiting, Recall Apostles, Blood
for Blood, Dismiss Oreg, priest, Dismiss Berold, warrior, Dismiss Bogwald,
wizard


You were on level 1 of the Elven Halls.
You worshipped Beogh.
Beogh was exalted by your worship.
You were an enormous serpent.
You visited 6 branches of the dungeon, and saw 28 of its levels.

You collected 3420 gold pieces.
You spent 381 gold pieces at shops.

Inventory:

Missiles
 m - 7 javelins
 A - a curare-tipped dart
 Z - 3 throwing nets
Armour
 a - a +0 kite shield of protection
 u - +0 swamp dragon scales
 B - +1 acid dragon scales
 L - +0 gold dragon scales (melded)
 X - a +1 hat of see invisible
Jewellery
 e - a +5 ring of evasion
 o - a +5 ring of evasion (left hand)
 w - an amulet of regeneration (around neck)
 E - a ring of poison resistance
 G - a ring of positive energy
 I - a ring of resist corrosion (right hand)
 M - a ring of ice
 U - a +6 ring of dexterity
 Y - an amulet of reflection
Talismans
 c - a beast talisman
 d - a flux talisman
 i - a maw talisman
 r - a serpent talisman (active)
 v - a blade talisman
Wands
 y - a wand of charming (45)
 D - a wand of mindburst (20)
 J - a wand of iceblast (24)
 Q - a wand of polymorph (6)
Scrolls
 j - a scroll of poison
 k - 5 scrolls of enchant weapon
 q - 4 scrolls of blinking
 s - 10 scrolls of teleportation
 x - 4 scrolls of immolation
 z - 4 scrolls of fog
 N - a scroll of amnesia
 O - a scroll of vulnerability
 P - 3 scrolls of revelation
 R - 6 scrolls of enchant armour
 S - 4 scrolls of fear
 V - 2 scrolls of identify
Potions
 b - 4 potions of attraction
 g - 2 potions of degeneration
 h - 7 potions of enlightenment
 l - 5 potions of curing
 n - a potion of berserk rage
 p - 3 potions of haste
 t - 4 potions of brilliance
 C - a potion of magic
 F - 4 potions of ambrosia
 H - 2 potions of lignification
 K - a potion of mutation
 T - a potion of resistance {unknown}
 W - 4 potions of invisibility
Miscellaneous
 f - a lightning rod (3/4)


   Skills:
 - Level 20.0 Fighting
 - Level 10.0 Dodging
 + Level 17.6 Unarmed Combat
 - Level 15.0 Invocations
 - Level 15.0 Shapeshifting


You had 17 spell levels left.
You didn't know any spells.
Your spell library contained the following spells:

 Spells                   Type           Power      Damage    Failure   Level
 Foxfire                  Conj/Fire      0%         2x1d4     34%         1
 Freeze                   Ice            0%         1d3       34%         1
 Magic Dart               Conj           0%         1d3       34%         1
 Blink                    Tloc           0%         N/A       47%         2
 Call Imp                 Summ           0%         N/A       47%         2
 Lesser Beckoning         Tloc           0%         N/A       47%         2
 Momentum Strike          Conj/Tloc      0%         3d8       47%         2
 Sublimation of Blood     Necr           0%         N/A       47%         2
 Frozen Ramparts          Ice            0%         1d1       71%         3
 Fugue of the Fallen      Necr           0%         N/A       71%         3
 Gell's Gravitas          Tloc           0%         N/A       71%         3
 Hailstorm                Conj/Ice       0%         3d5       71%         3
 Inner Flame              Hex/Fire       0%         N/A       71%         3
 Ozocubu's Armour         Ice            0%         N/A       71%         3
 Stone Arrow              Conj/Erth      0%         3d7       71%         3
 Teleport Other           Tloc           0%         N/A       71%         3
 Animate Armour           Summ/Erth      0%         N/A       98%         4
 Flame Wave               Conj/Fire      0%         2d4       98%         4
 Ignite Poison            Fire/Alch      0%         N/A       98%         4
 Leda's Liquefaction      Alch/Erth      0%         N/A       98%         4
 Manifold Assault         Tloc           0%         N/A       98%         4
 Passage of Golubria      Tloc           0%         N/A       98%         4
 Petrify                  Alch/Erth      0%         N/A       98%         4
 Sticky Flame             Fire/Alch      0%         2d4       98%         4
 Metabolic Englaciation   Hex/Ice        0%         N/A       100%        5
 Silence                  Hex/Air        0%         N/A       100%        5
 Plasma Beam              Fire/Air       0%         2x1d10    100%        6
 Starburst                Conj/Fire      0%         6d3       100%        6
 Summon Hydra             Summ           0%         N/A       100%        7
 Ignition                 Fire           0%         3d3       100%        8
 Lehudib's Crystal Spear  Conj/Erth      0%         10d2      100%        8


Dungeon Overview and Level Annotations

Branches:
Dungeon (15/15)            Temple (0/1) D:4            Lair (5/5) D:9
  Swamp (4/4) Lair:2        Snake (1/4) Lair:2        Slime (0/5) Lair:5
    Orc (2/2) D:10            Elf (1/3) Orc:2        Vaults (0/5) D:14
 Depths (0/4) D:15

Altars:
Cheibriados
Elyvilon
Fedhas
Nemelex Xobeh
Qazlal
Uskayaw
Vehumet
Wu Jian
Beogh

Shops:
D:6 *   D:12 [:=   D:14 (*   Orc:2 (?((

Annotations:
D:3 2 transporters, 1 runed translucent door, Crazy Yiuf; Newt's ghost, novice DsGl


Innate Abilities, Weirdness & Mutations

You are an enormous serpent.
You have a powerful constriction melee attack.
Your maximum health is increased.
Your armour is entirely melded.
You are incapable of wielding weapons or throwing items.
You can walk on water.
Your facial features are unmistakably orcish.
You are too large for most types of armour.
((You have a pair of small horns on your head.))
((You have tough skin. (AC +1)))
You gain doubled healing and magic from potions.
Whenever you drink a healing potion, you attack all around you.


Message History

The deep elf archer shoots an arrow.
The arrow hits Oreg!!
You regained 2 hp, and now have 38/252 hp.
You crush the deep elf pyromancer!!!
You kill the deep elf pyromancer!
Beogh accepts your kill.
Oreg barely misses the deep elf archer.
Oreg seems less confused.
The deep elf archer casts a spell.
The deep elf archer blinks!
The deep elf pyromancer casts a spell.
The deep elf pyromancer blinks!
The deep elf archer shoots an arrow.
The arrow hits Oreg!!
Oreg dies!
You swear to avenge Oreg's death!
Your cerulean imp disappears in a puff of smoke!
There is an open door, spattered with blood here.
Items here: ))) [ †.
You body-slam the deep elf zephyrmancer!!
You grab the deep elf zephyrmancer.
The deep elf zephyrmancer is severely wounded.
You constrict the deep elf zephyrmancer!
The deep elf zephyrmancer completely misses you.
The deep elf pyromancer hits you but does no damage.
You crush the deep elf zephyrmancer!!!
You kill the deep elf zephyrmancer!
Beogh accepts your kill.
The deep elf archer gestures wildly while chanting.
The deep elf archer blinks!
The deep elf pyromancer completely misses you.
You body-slam the deep elf archer!!
Your grab misses the deep elf archer.
The deep elf archer is almost dead.
You crush the deep elf archer!!!
You kill the deep elf archer!
Beogh accepts your kill.
The deep elf pyromancer points at you and mumbles some strange words.
The bolt of fire hits you!!
* * * LOW HITPOINT WARNING * * *
The deep elf zephyrmancer casts a spell at you.
The bolt of lightning hits you!!
You die...

.........#.#####..#
##########.# #..#
.....#...#.# #).#
.........#.#
#..######..
.........#.#
#e.........
.....#...#.#
#..######.#
######[..#.#
#†.######.#
.?...))..#
#)).......#
.)...).⌠.#
##S######..#
.........# #eo..#
########## ##)##.#
####†..####
##.))......##
#....)).....#
#§§##)''##..#
#§##.....##♣# ##
#!...=#


You could see a deep elf pyromancer (ally target, target of vengeance), a deep
elf zephyrmancer (target of vengeance) and the friendly Bogwald the orc apostle.

Vanquished Creatures
  A tentacled monstrosity (Swamp:3)
  Gastronok (Lair:3)
  A thorn hunter (Swamp:4)
  A deep elf demonologist (Elf:1)
  8 eleionomae
  A deep elf annihilator (Elf:1)
  5 bunyips
  Snorg (Lair:5)
  Josephine (Orc:1)
  3 shambling mangroves
  A deep elf high priest (Elf:1)
  A vault guard (D:14)
  19 hydras
  A rakshasa (D:15)
  4 ogre magi (Orc:2)
  Erica (D:8)
  A centaur warrior (D:13)
  8 alligators
  4 boulder beetles
  A catoblepas (D:14)
  2 dancing weapons (Elf:1)
  3 death yaks (Lair:3)
  17 two-headed ogres
  An occultist (D:15)
  An orc high priest (Orc:1)
  3 spriggans
  A fire crab (Lair:1)
  A skyshark (Lair:2)
  2 skeletal warriors (D:15)
  6 goliath frogs
  2 sea snakes (Lair:5)
  4 spriggan druids
  9 swamp dragons
  A lindwurm (Lair:4)
  7 bog bodies
  3 deep elf archers (Elf:1)
  A steelbarb worm (Swamp:4)
  4 deep elf pyromancers
  8 deep elf zephyrmancers
  A necromancer (D:15)
  2 cyclopes
  3 ugly things (D:15)
  4 orc sorcerers
  A centaur zombie (D:15)
  2 meliai (D:14)
  5 elephants
  2 rust devils (Swamp:3)
  A naga mage (Lair:2)
  A torpor snail (Lair:5)
  10 black mambas
  5 kobold blastminers
  A guardian serpent (shapeshifter) (D:12)
  9 cane toads
  Jeremiah (D:8)
  An unseen horror (D:11)
  8 rime drakes
  11 komodo dragons
  2 tengu conjurers
  4 bloated husks
  A polar bear (Lair:5)
  7 hornets
  9 trolls
  2 wind drakes (Lair:5)
  9 tyrant leeches
  2 dream sheep (D:7)
  3 blink frogs
  A blink frog (shapeshifter) (D:15)
  A meliai zombie (D:15)
  8 slime creatures
  A centaur simulacrum (D:15)
  An air elemental (Elf:1)
  2 basilisks
  3 fire elementals (D:14)
  6 wyverns
  5 wraiths
  A vampire (D:13)
  32 yaks
  2 steam dragons (D:8)
  5 vampire mosquitoes
  2 nagas (Lair:2)
  11 water moccasins
  A hell hound (D:14)
  An acid dragon (D:11)
  17 swamp worms
  8 orc warriors
  8 swamp drakes
  3 ice beasts
  4 black bears
  2 laughing skulls (D:14)
  27 ogres
  An ogre (shapeshifter) (D:15)
  3 boggarts (D:14)
  5 wolves
  7 centaurs
  A phantom (D:6)
  2 kobold brigands
  5 bullfrogs
  4 scorpions
  4 wights (D:8)
  12 killer bees
  2 howler monkeys
  A quasit (Swamp:3)
  5 hounds
  4 jellies
  2 gnoll boudas
  4 orc priests
  2 sleepcaps
  Terence (D:3)
  6 hell rats (Lair:2)
  7 orc wizards
  Natasha (twice) (D:2)
  3 gnolls (D:7)
  7 adders
  7 river rats (Lair:2)
  2 shadow imps
  3 white imps
  A dart slug (D:1)
  2 ribbon worms
  17 orcs
  8 bats
  An endoplasm (D:3)
  4 giant cockroaches
  7 goblins
  5 hobgoblins
  6 jackals
  8 quokkas
  5 ball pythons
  2 frilled lizards
  18 kobolds
  9 rats
594 creatures vanquished.

Vanquished Creatures (collateral kills)
  An eleionoma (Swamp:1)
  Azrael (D:14)
  6 hydras
  An ogre mage (D:15)
  A rakshasa (D:14)
  An alligator (Swamp:4)
  A ghost crab (Swamp:2)
  A merfolk avatar (Lair:5)
  3 tengu warriors
  A dancing weapon (D:14)
  3 death yaks (Lair:3)
  2 orc high priests (Elf:1)
  3 two-headed ogres
  2 deep elf knights (Elf:1)
  A skeletal warrior (D:15)
  2 goliath frogs
  5 swamp dragons
  An arcanist (D:13)
  A lindwurm (Lair:3)
  A harpy (Lair:5)
  A deep elf pyromancer (Elf:1)
  4 deep elf zephyrmancers (Elf:1)
  4 ugly things (D:15)
  A manticore (D:14)
  A meliai (D:14)
  2 cyclopes
  A black mamba (Lair:5)
  10 elephants
  A kobold blastminer (Orc:2)
  A gargoyle (D:12)
  2 cane toads
  A centaur skeleton (D:15)
  An unseen horror (D:11)
  2 komodo dragons
  A freezing wraith (D:15)
  2 tengu conjurers
  3 tyrant leeches (Swamp:4)
  A wind drake (Lair:5)
  2 red devils (D:13)
  A troll (D:9)
  3 hornets (Swamp:4)
  7 blink frogs
  4 slime creatures
  2 spriggans
  A wyvern (Lair:3)
  2 shadows
  A basilisk (Lair:1)
  2 fire elementals (D:14)
  A steam dragon (Lair:5)
  4 vampire mosquitoes
  17 yaks
  3 nagas
  3 swamp worms
  2 water moccasins
  A hell hound (D:14)
  2 swamp drakes
  A black bear (Lair:1)
  2 orc warriors
  An ice beast (D:6)
  An ogre (D:15)
  2 centaurs (D:13)
  A wolf (Lair:2)
  3 bullfrogs
  A wight (D:8)
  4 killer bees (D:10)
  A howler monkey (D:9)
  2 orc wizards
  A hell rat (Lair:2)
  3 river rats (Lair:2)
  An orc (D:14)
  A kobold (D:7)
  4 quokkas (Lair:2)
  4 rats (Lair:2)
  A foxfire (Elf:1)
169 creatures vanquished.

Vanquished Creatures (others)
  A deep elf zephyrmancer (Elf:1)
  An ugly thing (D:15)
  9 orc apostles
  Maggie (D:7)
  4 orcs
  A kobold (D:7)
  44 foxfires
61 creatures vanquished.

Grand Total: 824 creatures vanquished

Notes
Turn   | Place    | Note
-------+----------+-------------------------------------------
     0 | D:1      | jasper the Oni Shapeshifter began the quest for the Orb.
     0 | D:1      | Reached XP level 1. HP: 19/19 MP: 1/1
   309 | D:1      | Reached skill level 2 in Fighting
   316 | D:1      | Reached XP level 2. HP: 18/28 MP: 2/2
   969 | D:2      | Reached XP level 3. HP: 29/36 MP: 3/3
  1055 | D:2      | Reached skill level 3 in Fighting
  1736 | D:2      | Found a faded altar of an unknown god.
  1913 | D:2      | Prayed at the altar of an unknown god.
  1913 | D:2      | Became a worshipper of Beogh the Shepherd
  1913 | D:2      | Reached * piety under Beogh
  1963 | D:2      | Noticed Natasha
  1969 | D:2      | Killed Natasha
  1970 | D:2      | Reached XP level 4. HP: 44/48 MP: 4/4
  1994 | D:2      | Noticed Natasha
  2005 | D:2      | Killed Natasha
  2006 | D:2      | Reached skill level 4 in Fighting
  2266 | D:3      | Found a transporter.
  2278 | D:3      | Noticed Newt's ghost (novice DsGl)
  2290 | D:3      | Found a transporter.
  2338 | D:3      | Reached XP level 5. HP: 55/55 MP: 5/5
  2452 | D:3      | You fall into a shaft and drop 1 floor!
  2547 | D:3      | Reached ** piety under Beogh
  2617 | D:3      | Noticed Terence
  2620 | D:3      | Killed Terence
  2621 | D:3      | Reached skill level 1 in Invocations
  2675 | D:3      | Found a runed translucent door.
  2676 | D:3      | Noticed Crazy Yiuf
  3080 | D:4      | Found a staircase to the Ecumenical Temple.
  3173 | D:4      | Reached XP level 6. HP: 65/65 MP: 6/8
  3258 | D:4      | Reached skill level 5 in Fighting
  3638 | D:5      | Entered Level 5 of the Dungeon
  3652 | D:5      | Reached skill level 6 in Fighting
  3730 | D:5      | Reached XP level 7. HP: 71/76 MP: 9/9
  3735 | D:5      | Reached skill level 7 in Fighting
  3757 | D:5      | Identified 2 scrolls of acquirement
  3757 | D:5      | Acquired a manual of Invocations
  3759 | D:5      | Acquired 991 gold pieces
  3858 | D:5      | Reached skill level 8 in Fighting
  3922 | D:5      | Reached skill level 9 in Fighting
  4076 | D:5      | Found a white marble altar of Elyvilon.
  4223 | D:6      | Reached XP level 8. HP: 93/93 MP: 10/10
  4294 | D:6      | Reached skill level 10 in Fighting
  4364 | D:6      | Reached skill level 5 in Unarmed Combat
  4502 | D:6      | Found Mifiohue's General Store.
  4511 | D:6      | Bought a scroll of blinking for 75 gold pieces
  4511 | D:6      | Bought a scroll of identify for 20 gold pieces
  4511 | D:6      | Bought a scroll of immolation for 40 gold pieces
  4575 | D:6      | Reached *** piety under Beogh
  4589 | D:6      | Identified the +1 flail "Zimig" {flame, rElec Int-5 Dex+3}
  4589 | D:6      | Noticed Oreg
  4619 | D:6      | Anointed Oreg the priest as your apostle
  5171 | D:7      | Noticed a yak
  5171 | D:7      | Noticed a yak
  5171 | D:7      | Noticed a yak
  5171 | D:7      | Noticed a yak
  5171 | D:7      | Noticed a yak
  5172 | D:7      | Noticed a yak
  5185 | D:7      | Killed a yak
  5185 | D:7      | Your ally Oreg died
  5186 | D:7      | Reached XP level 9. HP: 85/101 MP: 11/11
  5275 | D:7      | Found an ornate altar of the Wu Jian Council.
  5280 | D:7      | Noticed Maggie
  5517 | D:7      | Reached skill level 10 in Unarmed Combat
  5652 | D:7      | Your ally Maggie died
  5990 | D:7      | Reached XP level 10. HP: 98/110 MP: 12/12
  6058 | D:8      | Reached skill level 5 in Shapeshifting
  6156 | D:8      | Noticed Jeremiah
  6160 | D:8      | Killed Jeremiah
  6303 | D:8      | Noticed Erica
  6315 | D:8      | Killed Erica
  6333 | D:8      | Identified the +7 great sword of the Lusting Seer {speed,
                  | rF+ rCorr}
  6333 | D:8      | Noticed Berold
  6354 | D:8      | Anointed Berold the warrior as your apostle
  6854 | D:9      | Reached **** piety under Beogh
  7014 | D:9      | Found a staircase to the Lair.
  7212 | D:9      | Reached XP level 11. HP: 83/117 MP: 13/13
  7497 | D:9      | Found a blossoming altar of Fedhas.
  7497 | D:9      | Found a snail-covered altar of Cheibriados.
  7503 | D:9      | Found a stormy altar of Qazlal.
  7505 | D:9      | Found a sparkling altar of Nemelex Xobeh.
  7507 | D:9      | Found a hide-covered altar of Uskayaw.
  7567 | D:10     | Entered Level 10 of the Dungeon
  7593 | D:10     | Reached skill level 10 in Shapeshifting
  7754 | D:10     | Found a staircase to the Orcish Mines.
  7911 | D:10     | Noticed a cyclops
  7918 | D:10     | Killed a cyclops
  7992 | D:10     | Reached skill level 5 in Invocations
  8137 | D:10     | Noticed a two-headed ogre
  8142 | D:10     | Killed a two-headed ogre
  8312 | D:10     | Found a radiant altar of Vehumet.
  8472 | D:11     | Reached skill level 11 in Fighting
  8590 | D:11     | Noticed a boulder beetle
  8601 | D:11     | Killed a boulder beetle
  9498 | D:12     | Found the +8 orange crystal plate armour {Archmagi, Int+3
                  | Clar}
  9541 | D:12     | Noticed a boulder beetle
  9549 | D:12     | Noticed a two-headed ogre
  9581 | D:11     | Noticed Ortolf
  9588 | D:11     | Anointed Ortolf the priest as your apostle
  9647 | Lair:1   | Entered Level 1 of the Lair of Beasts
  9655 | Lair:1   | Reached skill level 12 in Fighting
  9774 | Lair:1   | Reached skill level 10 in Invocations
  9838 | Lair:1   | Reached XP level 12. HP: 128/133 MP: 20/20
  9917 | Lair:1   | You fall into a shaft and drop 1 floor!
  9943 | Lair:2   | Reached skill level 13 in Fighting
 10106 | Lair:2   | Noticed a skyshark
 10109 | Lair:2   | Reached ***** piety under Beogh
 10125 | Lair:2   | Killed a skyshark
 10366 | Lair:2   | Reached skill level 14 in Fighting
 10426 | Lair:2   | Found a staircase to the Snake Pit.
 10743 | Lair:2   | Found a staircase to the Swamp.
 10743 | Lair:2   | Noticed an alligator
 10814 | Lair:2   | Killed an alligator
 10815 | Lair:2   | Reached skill level 15 in Fighting
 11147 | Lair:1   | Reached skill level 15 in Invocations
 11408 | Lair:1   | Noticed a four-headed hydra
 11416 | Lair:1   | Killed a five-headed hydra
 11417 | Lair:1   | Reached XP level 13. HP: 129/149 MP: 24/24
 11902 | Lair:3   | Identified the orb of Ythotsicw {light, rCorr Air}
 12242 | Lair:3   | Reached ****** piety under Beogh
 12265 | Lair:3   | Noticed Bogwald
 12450 | Lair:3   | Noticed Gastronok
 12464 | Lair:3   | Killed Gastronok
 13946 | Lair:5   | Entered Level 5 of the Lair of Beasts
 13965 | Lair:5   | Reached XP level 14. HP: 126/159 MP: 25/25
 14066 | Lair:5   | Reached skill level 15 in Unarmed Combat
 14073 | Lair:5   | Your ally Berold died
 14292 | Lair:5   | Found a staircase to the Slime Pits.
 14305 | Lair:5   | Noticed Snorg
 14316 | Lair:5   | Killed Snorg
 15163 | Orc:1    | Entered Level 1 of the Orcish Mines
 15323 | Orc:2    | Entered Level 2 of the Orcish Mines
 15465 | Orc:2    | Found Noydag's Antique Weapon Emporium.
 15465 | Orc:2    | Found Exatepoh's Magic Scroll Boutique.
 15465 | Orc:2    | Found Zoonuo's Weapon Boutique.
 15465 | Orc:2    | Found Ujomuow's Weapon Shoppe.
 15467 | Orc:2    | Was placed under penance by Beogh
 15468 | Orc:2    | Reached XP level 15. HP: 84/167 MP: 26/26
 15482 | Orc:1    | Noticed Josephine
 15493 | Orc:1    | Killed Josephine
 15964 | Orc:2    | Bought a scroll of teleportation for 51 gold pieces
 15964 | Orc:2    | Bought a scroll of fog for 68 gold pieces
 15964 | Orc:2    | Bought a scroll of revelation for 127 gold pieces
 16041 | Orc:2    | Found a staircase to the Elven Halls.
 16568 | Orc:1    | Was forgiven by Beogh
 16852 | D:12     | Found Zouvox's Antique Armour Emporium.
 16873 | D:12     | Found Hehec's Book Shoppe.
 17139 | D:12     | Found Qits's Jewellery Emporium.
 17748 | D:13     | Identified the +0 robe of Hinaemm {rElec rF+ Dex-5 SInv}
 18538 | D:14     | Found Batoocal's Serpentskin Sales.
 18624 | D:14     | Noticed Azrael
 18636 | D:14     | Killed Azrael
 18829 | D:14     | Reached skill level 15 in Shapeshifting
 19232 | D:14     | Reached skill level 16 in Fighting
 19284 | D:14     | Found a gate to the Vaults.
 19395 | D:14     | Found Baqeriw's Antique Weapon Shoppe.
 19590 | D:15     | Entered Level 15 of the Dungeon
 19596 | D:15     | Reached XP level 16. HP: 180/180 MP: 24/27
 19698 | D:15     | Reached skill level 17 in Fighting
 19727 | D:15     | Your ally Oreg died
 19941 | D:15     | Reached skill level 18 in Fighting
 20217 | D:15     | Found a staircase to the Depths.
 20624 | Snake:1  | Entered Level 1 of the Snake Pit
 20636 | Snake:1  | Your ally Berold died
 20959 | Swamp:1  | Entered Level 1 of the Swamp
 21112 | Swamp:1  | Reached skill level 19 in Fighting
 21266 | Swamp:1  | You fall into a shaft and drop 1 floor!
 21490 | Swamp:1  | Reached skill level 20 in Fighting
 21848 | Swamp:2  | Identified the +5 mace "Jakk" {elec, Str+2 Int-4 Dex+3
                  | SInv}
 22655 | Swamp:3  | Reached skill level 5 in Dodging
 22662 | Swamp:3  | Your ally Ortolf died
 22800 | Swamp:3  | HP: 9/230 [Bogwald the orc apostle] (9)]
 22802 | Swamp:3  | Anointed Bogwald the wizard as your apostle
 23102 | Swamp:3  | Reached XP level 17. HP: 200/201 MP: 28/28
 23103 | Swamp:3  | Noticed a tentacled monstrosity
 23104 | Swamp:3  | Found an ornate altar of the Wu Jian Council.
 23113 | Swamp:3  | Killed a tentacled monstrosity
 23558 | Swamp:4  | Entered Level 4 of the Swamp
 24365 | Swamp:4  | Reached skill level 10 in Dodging
 24402 | Swamp:4  | Your ally Oreg died
 24410 | Swamp:4  | Your ally Bogwald died
 24760 | Swamp:4  | Got a decaying rune of Zot
 25412 | Elf:1    | Entered Level 1 of the Elven Halls
 25414 | Elf:1    | Paralysed by an air elemental for 1 turns
 25710 | Elf:1    | Your ally Berold died
 25729 | Elf:1    | Reached XP level 18. HP: 23/210 MP: 15/29
 25741 | Elf:1    | Your ally Oreg died
 25745 | Elf:1    | Killed from afar by a deep elf zephyrmancer

Illustrated notes

Levels and vault maps discovered:
D:1:      ldierk_walled_garden_2, layout_basic, serial_forest,
          infiniplex_forest_straight_4, infiniplex_forest_corner_2,
          infiniplex_forest_end_1, infiniplex_forest_lined_room_,
          infiniplex_forest_straight_4, infiniplex_forest_end_double,
          infiniplex_forest_lined_room_, infiniplex_forest_clump_diagonal,
          hangedman_decor_growths, chequers_serial_rivers_large_b,
          minmay_split_cup_large
D:2:      layout_basic, basic_ecumenical_altar, minmay_misc_feat_nine_boxes,
          uniq_natasha
D:3:      layout_loops_cross, gammafunk_ghost_arena, uniq_crazy_yiuf_cottage,
          uniq_terence
D:4:      layout_basic, minmay_temple_entry_grid
D:5:      layout_cave_pools, marbit_many_paths
D:6:      minmay_diamond_boxcup, layout_basic, serial_shops, shop
D:7:      layout_loops_ring, mainiacjoe_overflow_brackets,
          dreamdust_gnoll_shepherd, uniq_maggie
D:8:      layout_basic, uniq_erica, uniq_jeremiah
D:9:      nicolae_BIG_FREAKIN_CUBE, layout_irregular_city,
          chequers_temple_overflow_minitemple
D:10:     layout_roguey, kennysheep_mini, orc_0_dummy, roderic_lattice_a
D:11:     layout_stronghold
D:12:     layout_rooms, serial_shops, nicolae_shop_real_fake_doors, shop,
          nicolae_diamond_shop
D:13:     layout_cave_pods, serial_glass, glass_columns_b, glass_columns_a
D:14:     layout_irregular_city, erik_vaults_1, serial_shops, shop, minivault_4,
          guppyfry_shop_venom, uniq_azrael
D:15:     grunt_enter_depths_magical_seal, layout_rooms
Lair:1:   layout_regular_city, hangedman_lair_generics_rect,
          infiniplex_staircase_pool_2, serial_bayou_shore_b
Lair:2:   lemuel_ratsnest, layout_loops_ring,
          mainiacjoe_swamp_entry_lozenge_pond, nicolae_snake_entry_squirm,
          hibernation_bobbens
Lair:3:   layout_gridlike, grunt_megastairs_2, uniq_gastronok
Lair:4:   layout_cave_pods
Lair:5:   gammafunk_lair_ancient_temple, layout_long_grid, slime_entry_1,
          uniq_snorg
Swamp:1:  nicolae_swamp_wrong_neighborhood, layout_basic_swamp,
          evilmike_swamp_ruin_house_4, infiniplex_staircase_pool
Swamp:2:  layout_falls_marsh, evilmike_swamp_ruin_house_6,
          nicolae_swamp_decorative_isthmus
Swamp:3:  layout_basic_swamp, nicolae_swamp_godswood, swamp_pool_5,
          nicolae_swamp_very_dense_foliage
Swamp:4:  swamp_alternative, layout_basic_swamp, swamp_pool_5,
          nicolae_swamp_vermiculated
Snake:1:  layout_onion_interference
Orc:1:    layout_diamond_mine, uniq_josephine
Orc:2:    st_orc_ogre_mass, layout_caves
Elf:1:    nicolae_elf_arrival_no_cutting_in_line, layout_gridlike,
          kennysheep_underground_church

Skill      XL: |  1  2  3  4  5  6  7  8  9 10 11 12 13 14 15 16 17 |
---------------+----------------------------------------------------+-----
Fighting       | 2 3 4 6 9 10 12 15 16 20 | 20.0
Unarmed Combat | 3 4 7 10 11 14 16 17 | 17.6
Invocations    | 3 11 15 | 15.0
Shapeshifting  | 4 9 10 12 15 | 15.0
Dodging        | 6 10 | 10.0

Action                     |  1- 3 |  4- 6 |  7- 9 | 10-12 | 13-15 | 16-18 || total
---------------------------+-------+-------+-------+-------+-------+-------++-------
  Melee: Unarmed           |    98 |   133 |   190 |   344 |   452 |   498 ||  1715
         Headbutt          |    12 |    13 |    34 |    28 |       |       ||    87
         Punch             |       |     2 |     7 |     4 |       |       ||    13
         Constrict         |       |       |       |    46 |    99 |    83 ||   228
  Throw: Stone             |     8 |    13 |    16 |     7 |       |       ||    44
 Invoke: Smiting           |       |       |     1 |     4 |     1 |     5 ||    11
         Recruit Apostle   |       |       |     1 |     2 |       |     1 ||     4
         Recall Apostles   |       |       |       |     3 |     5 |     8 ||    16
         Dismiss Apostle   |       |       |       |       |       |     1 ||     1
Ability: Begin Untransform |       |       |       |     1 |       |       ||     1
  Evoke: Wand              |       |       |     1 |       |       |       ||     1
         Lightning rod     |       |       |       |       |       |     5 ||     5
    Use: Scroll            |     2 |     6 |     9 |     4 |     6 |     2 ||    29
         Potion            |       |     2 |     2 |     1 |     4 |    14 ||    23
   Stab: Distracted        |       |       |       |     1 |     6 |     6 ||    13
         Confused          |       |       |       |       |       |     1 ||     1
 Armour: Animal skin       |    85 |    61 |    63 |       |       |       ||   209
         Skin              |       |     1 |    33 |   173 |   532 |   604 ||  1343
         Acid dragon scale |       |       |     3 |   104 |       |       ||   107
  Dodge: Dodged            |    50 |    88 |    86 |   267 |   359 |   391 ||  1241
   Form: Serpent           |       |       |       |     2 |       |       ||     2
         Blade             |       |       |       |     1 |       |       ||     1
         Maw               |       |       |       |     1 |       |       ||     1
         Flux              |       |       |       |     1 |       |       ||     1

Table legend: (Time is in decaauts)
 A = Elapsed time spent in this place.
 B = Non-inter-level travel time spent in this place.
 C = Inter-level travel time spent in this place.
 D = Time resting spent in this place.
 E = Time spent auto-exploring this place.
 F = Levels seen in this place.
 G = Mean time per level.
                   A        B        C        D        E       F      G
               +--------+--------+--------+--------+--------+-----+--------+
         Total |  25432 |  23908 |   1524 |   2920 |  16929 |  28 |  908.3 |
       Dungeon |  13299 |  12672 |    627 |    776 |   9855 |  15 |  886.6 |
          Lair |   5963 |   5430 |    533 |    682 |   3887 |   5 | 1192.6 |
         Swamp |   4183 |   4031 |    152 |   1126 |   2155 |   4 | 1045.8 |
     Snake Pit |     12 |     12 |      0 |      0 |      0 |   1 |   12.0 |
  Orcish Mines |   1746 |   1537 |    209 |    334 |    930 |   2 |  873.0 |
   Elven Halls |    227 |    227 |      0 |      2 |    102 |   1 |  227.0 |
               +--------+--------+--------+--------+--------+-----+--------+

Top non-repeatable levels by time:
  Lair:2: 1761 daAuts
 Swamp:4: 1646 daAuts
     D:2: 1310 daAuts
    D:11: 1242 daAuts
    D:13: 1136 daAuts
  Lair:4: 1112 daAuts
 Swamp:3: 1091 daAuts
    D:14: 1088 daAuts
  Lair:5: 1080 daAuts
  Lair:3: 1019 daAuts
  Lair:1: 990 daAuts
   Orc:2: 973 daAuts
     D:6: 964 daAuts
     D:1: 956 daAuts
     D:7: 874 daAuts
